 Dungeon Crawl Stone Soup version 0.29.0-4-gdea44cf6ec (webtiles) character file.

Game seed: 17802600248172836784

83307 qw the Severer (level 14, -8/101 (132) HPs)
             Began as a Minotaur Fighter on Sept 6, 2022.
             Was the Champion of Ru.
             Mangled by an orc warrior
             ... wielding a +0 war axe
              (19 damage)
             ... on level 2 of the Orcish Mines.
             The game lasted 00:11:14 (30219 turns).

qw the Severer (Minotaur Fighter)                  Turns: 30219, Time: 00:11:14

HP:   -8/101 (132)  AC: 30    Str: 31    XL:     14   Next: 32%
MP:   13/13         EV:  7    Int:  5    God:    Ru [******]
Gold: 1917          SH: 12    Dex: 13    Spells: 13/13 levels left

rFire   + . .      SeeInvis .   f - +0 broad axe
rCold   + + .      Faith    .   n - +0 kite shield
rNeg    + . .      Spirit   .   w - +2 plate armour {rC+}
rPois   .          Reflect  .   u - +2 hat
rElec   .          Harm     .   t - +2 cloak
rCorr   .          Rampage  .   e - +2 pair of gloves
Will    +....                   a - +2 pair of boots {Fly}
Stlth   ..........              c - amulet "Icoax" {Acrobat rN+ Dex+2}
HPRegen 0.26/turn               k - +6 ring of strength
MPRegen 0.13/turn               i - ring of protection from fire

@: exhausted, about to teleport, spiked, flying, heavily drained
A: horns 2, hated by all, inability to train dodging, unskilled 1, inexperienced
1, missing an eye, retaliatory headbutt, hooves 1, cold resistance 1, mutation
resistance 1
a: Renounce Religion, Draw Out Power, Power Leap, Apocalypse


You were on level 2 of the Orcish Mines.
You worshipped Ru.
Ru was exalted by your worship.
You visited 4 branches of the dungeon, and saw 23 of its levels.
You also visited: Gauntlet.

You collected 2089 gold pieces.
You spent 172 gold pieces at shops.


Innate Abilities, Weirdness & Mutations

You have a pair of horns on your head.
You are hated by all.
You cannot train Dodging skill.
You are somewhat unskilled. (-1 Apt)
You are somewhat inexperienced. (-1 XL)
You are missing an eye, making it more difficult to aim.
You reflexively headbutt those who attack you in melee.
You have large cloven feet.
Your flesh is cold resistant. (rC+)
You are somewhat resistant to further mutation.


   Skills:
 - Level 14.0 Fighting
 + Level 18.5 Axes
 - Level 6.1 Throwing
 - Level 12.2 Armour
 - Level 13.7 Shields


You had 13 spell levels left.
You didn't know any spells.
Your spell library was empty.

Inventory:

Hand Weapons
 f - a +0 broad axe (weapon)
 Y - a +4 war axe of flaming
Missiles
 v - 8 boomerangs (quivered)
Armour
 a - a +2 pair of boots of flying (worn)
 e - a +2 pair of gloves (worn)
 j - a +2 chain mail of fire resistance
 m - the +0 pair of gloves of Wu Jian's Favour {-Tele rElec rN++ Regen+}
   (You found it on level 5 of the Lair of Beasts)

   rElec:     It insulates you from electricity.
   rN:        It greatly protects you from negative energy.
   -Tele:     It prevents most forms of teleportation.
   Regen:     It increases your rate of health regeneration.
 n - a +0 kite shield (worn)
 o - +0 fire dragon scales
 t - a +2 cloak (worn)
 u - a +2 hat (worn)
 w - a +2 plate armour of cold resistance (worn)
Jewellery
 c - the amulet "Icoax" (around neck) {Acrobat rN+ Dex+2}
   (You acquired it on level 2 of the Lair of Beasts)

   [amulet of the acrobat]

   It increases your evasion while moving and waiting.
   Dex:       It affects your dexterity (+2).
   rN:        It protects you from negative energy.
 i - a ring of protection from fire (right hand)
 k - a +6 ring of strength (left hand)
 q - a ring of protection from cold
 r - an amulet of regeneration
Scrolls
 h - 6 scrolls of teleportation
 l - 11 scrolls of identify
Potions
 d - 3 potions of might
 g - 6 potions of mutation
 p - 4 potions of curing
 s - 3 potions of haste

Dungeon Overview and Level Annotations

Branches:
Dungeon (15/15)            Temple (1/1) D:7            Lair (5/5) D:10
 Shoals (0/4) Lair:3        Snake (0/4) Lair:2        Slime (0/5) Lair:4
    Orc (2/2) D:10            Elf (0/3) Orc:2        Vaults (0/5) D:13
 Depths (0/4) D:15        Gauntlet (visited)

Altars:
Ashenzari
Cheibriados
Dithmenos
Elyvilon
Gozag
Kikubaaqudgha
Makhleb
Nemelex Xobeh
Okawaru
Qazlal
Ru
Sif Muna
Trog
Uskayaw
Vehumet
Wu Jian
Xom
Zin
The Shining One

Shops:
D:7 :   D:12 (   Orc:1 [:*

Annotations:
D:6 1 runed translucent door
D:10 2 transporters, qw's ghost, journeyman GrFi
D:12 1 runed translucent door
D:13 2 transporters, qdestroyer's ghost, journeyman MiFi


Message History

You hit the orc knight but do no damage.
The orc knight is moderately wounded.
You miss the sun demon.
You hit the orc warrior but do no damage.
The orc warrior hits you with a +0 war axe!
You block the sun demon's attack. The red devil closely misses you.
You block the orc knight's attack.
30216 ||| READING 7 scrolls of teleportation.
As you read the scroll of teleportation, it crumbles to dust.
You feel strangely unstable.
The orc high priest no longer looks unusually strong.
You block the sun demon's attack.
The orc high priest prays to Beogh.
The red devil hits you but does no damage.
30217 ||| INVOKING Draw Out Power.
You are restored by drawing out deep reserves of power within.
You feel drained. The sun demon hits you.
You are engulfed in flames.
You resist.
The orc warrior hits you with a +0 war axe!!
You block the red devil's attack. You block the orc knight's attack.
The sun demon hits you.
You are engulfed in flames!
You resist.
You barely miss the orc knight. Your headbutt misses the orc knight.
The orc knight is moderately wounded.
You miss the orc warrior. You closely miss the orc high priest.
You hit the sun demon but do no damage.
The orc warrior hits you but does no damage.
The orc high priest begins to pray, but is stunned by your conviction!
You block the red devil's attack.
You slash the orc knight! Your headbutt misses the orc knight.
The orc knight is heavily wounded.
You barely miss the orc high priest. You miss the sun demon.
You hit the orc warrior. You block the sun demon's attack.
You block the orc knight's attack.
The red devil hits you from afar with a +0 demon trident of draining.
Barbed spikes become lodged in your body.
You partially resist.
You feel drained.
The orc high priest completely misses you.
You furiously retaliate!
You headbutt the orc high priest.
The orc warrior hits you with a +0 war axe!!
You die...

.........$#
...........#
......$.....#
...........$#
............#
............#
............#
.....).)o@o.#
.......)o3..#
.#....)4)4..# #
.......)..$..##.##
............(.....
..............##(##
..#...........# #
.#............#
..............#


You could see an orc knight, an orc high priest, a sun demon (summoned), 2 red
devils and an orc warrior (strong).

Vanquished Creatures
  Agnes (D:14)
  A very ugly thing (D:15)
  A broodmother (shapeshifter) (D:13)
  A minotaur (Gauntlet)
  2 fire dragons
  A blizzard demon (D:15)
  A great orb of eyes (D:15)
  Fannar (D:12)
  3 rakshasas (D:15)
  5 hydras
  2 boulder beetles
  A catoblepas (Lair:3)
  An ogre mage (D:15)
  4 centaur warriors
  3 tengu warriors (D:14)
  4 two-headed ogres
  3 orc high priests (Orc:2)
  Urug (D:12)
  Nergalle (D:12)
  A wretched star (Gauntlet)
  Lodul (D:11)
  A lindwurm (Lair:4)
  A swamp dragon (Lair:5)
  Pikel (D:7)
  2 orc knights (Orc:2)
  An orc sorcerer (Orc:2)
  10 ugly things
  3 manticores
  A faun (shapeshifter) (D:13)
  13 elephants
  A torpor snail (Lair:3)
  Maurice (D:12)
  9 black mambas
  A gargoyle (D:12)
  Maggie (D:7)
  8 cane toads
  An unseen horror (D:11)
  8 rime drakes
  A kobold demonologist (D:12)
  3 freezing wraiths
  An efreet (D:14)
  6 komodo dragons
  7 trolls
  7 ice devils
  A tengu conjurer (D:14)
  3 meliai (D:15)
  3 polar bears
  A tarantella (shapeshifter) (D:13)
  5 hornets
  14 blink frogs
  11 dream sheep
  6 slime creatures
  Sigmund (D:4)
  A centaur simulacrum (D:14)
  12 spriggans (Lair:3)
  A vampire (D:12)
  3 wraiths
  6 basilisks
  A shadow (D:7)
  3 wyverns
  46 yaks
  2 steam dragons (Lair:5)
  Grum (D:10)
  A neqoxec (Gauntlet)
  2 nagas (Lair:2)
  3 acid dragons
  5 vampire mosquitoes (D:11)
  6 wargs
  16 water moccasins
  A small abomination (Gauntlet)
  Duvessa (D:6)
  15 orc warriors
  A swamp drake (shapeshifter) (D:15)
  An ice beast (D:7)
  3 swamp drakes (Lair:5)
  16 ogres
  3 boggarts (Lair:3)
  16 wolves
  9 centaurs
  3 lemures (D:7)
  A phantom (D:7)
  6 kobold brigands
  A gnoll sergeant (D:8)
  10 bullfrogs
  A necrophage (D:4)
  6 scorpions
  8 wights (D:9)
  Dowan (D:6)
  5 killer bees (D:9)
  5 howler monkeys
  2 electric eels (Lair:5)
  4 jellies
  2 hounds
  15 orc priests
  A gnoll bouda (D:7)
  5 iguanas
  Ijyb (D:4)
  22 orc wizards
  7 hell rats (Lair:2)
  3 adders
  13 gnolls
  3 shadow imps
  3 white imps
  3 worms
  2 dart slugs (D:4)
  74 orcs
  2 bats (D:2)
  6 endoplasms
  2 giant cockroaches (D:4)
  4 goblins
  6 hobgoblins
  4 jackals (D:4)
  31 kobolds
  2 quokkas
  6 ball pythons
  2 frilled lizards
  5 rats
624 creatures vanquished.

Vanquished Creatures (others)
  A two-headed ogre (D:15)
  A vampire (D:13)
  A warg (Orc:2)
  An orc wizard (Orc:1)
  2 orcs (Orc:2)
  A bush (Lair:1)
  17 fungi
  50 plants
74 creatures vanquished.

Grand Total: 698 creatures vanquished

Notes
Turn   | Place    | Note
-------+----------+-------------------------------------------
     0 | D:1      | qw the Minotaur Fighter began the quest for the Orb.
     0 | D:1      | Reached XP level 1. HP: 19/19 MP: 0/0
     0 | D:1      | 0 ||| qw: Version: 0.1-a-108-g9e35731
     0 | D:1      | 0 ||| qw: Game counter: 6407
     0 | D:1      | 0 ||| qw: Always use a shield: true
     0 | D:1      | 0 ||| qw: God list: Ru
     0 | D:1      | 0 ||| qw: Allow faded altars: false
     0 | D:1      | 0 ||| qw: Do Orc after D:15 true
     0 | D:1      | 0 ||| qw: Do second Lair branch before Depths: true
     0 | D:1      | 0 ||| qw: Lair rune preference: random
     0 | D:1      | 0 ||| qw: Plans: Normal
     0 | D:1      | 0 ||| PLANNING D:1-11
   726 | D:1      | Reached skill level 3 in Axes
   987 | D:1      | Reached XP level 2. HP: 26/26 MP: 1/1
  1102 | D:1      | 1102 ||| UPGRADING to ring of protection from fire.
  1103 | D:1      | 1103 ||| READING scroll labelled CILUEBLEHET.
  1104 | D:1      | 1104 ||| READING 2 scrolls labelled BUDAAH EGEREM.
  1109 | D:1      | 1109 ||| READING scroll labelled LEYPOSO KERYR.
  1110 | D:1      | 1110 ||| READING scroll labelled DOECAA OHUDIU.
  1111 | D:1      | 1111 ||| READING scroll labelled QIMNEH IFEK.
  1112 | D:1      | 1112 ||| READING scroll labelled HAMPOA FEAT.
  1113 | D:1      | 1113 ||| DRINKING 2 orange potions.
  1113 | D:1      | Gained mutation: You have large cloven feet. [potion of
                  | mutation]
  1113 | D:1      | Gained mutation: Your flesh is cold resistant. (rC+)
                  | [potion of mutation]
  1113 | D:1      | Gained mutation: You are somewhat resistant to further
                  | mutation. [potion of mutation]
  1114 | D:1      | 1114 ||| DRINKING 4 metallic white potions.
  1276 | D:2      | 1276 ||| Stepping ~*~*~tactically~*~*~ (stealth).
  1322 | D:2      | Reached skill level 4 in Axes
  1616 | D:2      | Found a snail-covered altar of Cheibriados.
  1841 | D:2      | 1841 ||| UPGRADING to +0 pair of gloves.
  1846 | D:2      | 1846 ||| UPGRADING to ring of protection from cold.
  1847 | D:2      | 1847 ||| READING scroll labelled PONLAP FUDAMA.
  1985 | D:3      | Reached XP level 3. HP: 31/31 MP: 2/2
  2645 | D:3      | 2645 ||| DRINKING 2 fuming emerald potions.
  2687 | D:4      | Noticed Ijyb
  2696 | D:4      | Killed Ijyb
  2697 | D:4      | Reached skill level 5 in Axes
  2786 | D:4      | Reached XP level 4. HP: 25/39 MP: 3/3
  2892 | D:4      | Noticed a scorpion
  2898 | D:4      | Killed a scorpion
  3035 | D:4      | Reached XP level 5. HP: 29/45 MP: 4/4
  3162 | D:4      | Noticed Sigmund
  3163 | D:4      | 3163 ||| DRINKING 3 potions of curing.
  3163 | D:4      | 3163 ||| (to cure confusion)
  3164 | D:4      | 3164 ||| Stepping ~*~*~tactically~*~*~ (hiding).
  3165 | D:4      | 3165 ||| Stepping ~*~*~tactically~*~*~ (hiding).
  3166 | D:4      | 3166 ||| Stepping ~*~*~tactically~*~*~ (hiding).
  3168 | D:4      | 3168 ||| Stepping ~*~*~tactically~*~*~ (hiding).
  3175 | D:4      | Killed Sigmund
  3176 | D:4      | Reached skill level 7 in Axes
  3176 | D:4      | Reached XP level 6. HP: 41/51 MP: 5/5
  3268 | D:4      | 3268 ||| Stepping ~*~*~tactically~*~*~ (hiding).
  3270 | D:4      | 3270 ||| Stepping ~*~*~tactically~*~*~ (hiding).
  3487 | D:4      | Reached skill level 8 in Axes
  3510 | D:4      | 3510 ||| FLEEEEING.
  3511 | D:4      | 3511 ||| FLEEEEING.
  3512 | D:4      | 3512 ||| FLEEEEING.
  3513 | D:4      | 3513 ||| FLEEEEING.
  3514 | D:4      | 3514 ||| FLEEEEING.
  3515 | D:4      | 3515 ||| FLEEEEING.
  3516 | D:4      | 3516 ||| FLEEEEING.
  3517 | D:4      | 3517 ||| FLEEEEING.
  3518 | D:4      | 3518 ||| FLEEEEING.
  3519 | D:4      | 3519 ||| FLEEEEING.
  3520 | D:4      | 3520 ||| FLEEEEING.
  3521 | D:4      | 3521 ||| FLEEEEING.
  3522 | D:4      | 3522 ||| FLEEEEING.
  3523 | D:4      | 3523 ||| FLEEEEING.
  3526 | D:4      | 3526 ||| FLEEEEING.
  3527 | D:4      | 3527 ||| FLEEEEING.
  3528 | D:4      | 3528 ||| FLEEEEING.
  3529 | D:4      | 3529 ||| FLEEEEING.
  3530 | D:4      | 3530 ||| FLEEEEING.
  3532 | D:4      | 3532 ||| STAIRDANCE
  3636 | D:3      | 3636 ||| UPGRADING to +0 chain mail.
  3646 | D:3      | 3646 ||| DROPPING +0 scale mail.
  3647 | D:3      | 3647 ||| READING scroll labelled HASEGE AFYNYFF.
  3648 | D:3      | 3648 ||| READING 3 scrolls of identify.
  3648 | D:3      | 3648 ||| IDENTIFYING metallic dark potion
  3649 | D:3      | 3649 ||| READING 2 scrolls of identify.
  3649 | D:3      | 3649 ||| IDENTIFYING murky sapphire potion
  3650 | D:3      | 3650 ||| DRINKING potion of experience.
  3650 | D:3      | Reached skill level 16 in Axes
  3650 | D:3      | Reached XP level 7. HP: 59/59 MP: 6/6
  3651 | D:3      | 3651 ||| DROPPING potion of flight.
  3851 | D:4      | 3851 ||| Stepping ~*~*~tactically~*~*~ (hiding).
  3998 | D:5      | Entered Level 5 of the Dungeon
  4055 | D:5      | Reached XP level 8. HP: 45/67 MP: 7/7
  4057 | D:5      | 4057 ||| FLEEEEING.
  4058 | D:5      | 4058 ||| FLEEEEING.
  4060 | D:5      | 4060 ||| STAIRDANCE
  4156 | D:4      | 4156 ||| READING scroll labelled QAMUOXT VILY.
  4310 | D:5      | 4310 ||| STAIRDANCE
  4316 | D:4      | 4316 ||| DROPPING +0 club.
  4344 | D:5      | 4344 ||| Stepping ~*~*~tactically~*~*~ (stealth).
  4370 | D:5      | 4370 ||| READING scroll of enchant weapon.
  4370 | D:5      | 4370 ||| ENCHANTING +1 war axe.
  4403 | D:5      | Found a radiant altar of Vehumet.
  4650 | D:5      | Reached skill level 6 in Fighting
  4828 | D:5      | 4828 ||| READING 3 scrolls of identify.
  4828 | D:5      | 4828 ||| IDENTIFYING smoky blue potion
  4829 | D:5      | 4829 ||| READING 2 scrolls of identify.
  4829 | D:5      | 4829 ||| IDENTIFYING viscous orange potion
  4830 | D:5      | 4830 ||| DROPPING potion of invisibility.
  4846 | D:6      | 4846 ||| STAIRDANCE
  5270 | D:6      | Found a runed translucent door.
  5391 | D:6      | Found a blossoming altar of Fedhas.
  5614 | D:6      | 5614 ||| UPGRADING to +0 plate armour.
  5624 | D:6      | 5624 ||| DROPPING +0 chain mail.
  5625 | D:6      | 5625 ||| UPGRADING to +2 cloak.
  5630 | D:6      | 5630 ||| UPGRADING to +6 ring of strength.
  5632 | D:6      | 5632 ||| UPGRADING to ring of protection from fire.
  5634 | D:6      | 5634 ||| READING scroll labelled QUNWID XUMPOU.
  5659 | D:7      | Noticed Duvessa
  5659 | D:7      | Found a staircase to the Ecumenical Temple.
  5660 | D:7      | 5660 ||| PLANNING TEMPLE
  5663 | D:7      | 5663 ||| STAIRDANCE
  5714 | D:7      | Noticed Dowan
  5715 | D:7      | 5715 ||| STAIRDANCE
  5721 | D:6      | Killed Dowan
  5725 | D:6      | Killed Duvessa
  5726 | D:6      | Reached skill level 1 in Throwing
  5978 | D:7      | Reached XP level 9. HP: 47/75 MP: 8/8
  5980 | D:7      | 5980 ||| FLEEEEING.
  5981 | D:7      | 5981 ||| FLEEEEING.
  5982 | D:7      | 5982 ||| FLEEEEING.
  5983 | D:7      | 5983 ||| STAIRDANCE
  6186 | Temple   | Entered the Ecumenical Temple
  6380 | Temple   | 6380 ||| PLANNING D:1-11
  6406 | D:7      | Noticed Maggie
  6407 | D:7      | 6407 ||| Stepping ~*~*~tactically~*~*~ (hiding).
  6408 | D:7      | 6408 ||| Stepping ~*~*~tactically~*~*~ (hiding).
  6410 | D:7      | 6410 ||| Stepping ~*~*~tactically~*~*~ (hiding).
  6421 | D:7      | Killed Maggie
  6465 | D:7      | 6465 ||| Stepping ~*~*~tactically~*~*~ (stealth).
  6475 | D:7      | 6475 ||| Stepping ~*~*~tactically~*~*~ (stealth).
  6483 | D:7      | 6483 ||| Stepping ~*~*~tactically~*~*~ (stealth).
  6492 | D:7      | Noticed Pikel
  6493 | D:7      | 6493 ||| Stepping ~*~*~tactically~*~*~ (stealth).
  6494 | D:7      | 6494 ||| Stepping ~*~*~tactically~*~*~ (stealth).
  6544 | D:7      | 6544 ||| Stepping ~*~*~tactically~*~*~ (stealth).
  6559 | D:7      | 6559 ||| Stepping ~*~*~tactically~*~*~ (stealth).
  6576 | D:7      | Killed Pikel
  6577 | D:7      | Reached skill level 6 in Armour
  6603 | D:7      | 6603 ||| Stepping ~*~*~tactically~*~*~ (stealth).
  6606 | D:7      | 6606 ||| Stepping ~*~*~tactically~*~*~ (hiding).
  6689 | D:7      | Found a glowing golden altar of the Shining One.
  6690 | D:7      | Found a hide-covered altar of Uskayaw.
  6690 | D:7      | Found an ancient bone altar of Kikubaaqudgha.
  6690 | D:7      | Found a bloodstained altar of Trog.
  6704 | D:7      | Found a broken altar of Ashenzari.
  6720 | D:7      | Found Hiron's Self-Improvement Boutique.
  7042 | D:7      | Found a white marble altar of Elyvilon.
  7222 | D:7      | Found a stormy altar of Qazlal.
  7229 | D:7      | Found a sacrificial altar of Ru.
  7236 | D:7      | Became a worshipper of Ru the Awakened
  7359 | D:7      | 7359 ||| READING scroll labelled ICREMO YGOSIA.
  7370 | D:8      | 7370 ||| PLANNING OSSUARY
  7533 | D:8      | 7533 ||| Stepping ~*~*~tactically~*~*~ (stealth).
  7536 | D:8      | 7536 ||| Stepping ~*~*~tactically~*~*~ (stealth).
  7541 | D:8      | 7541 ||| Stepping ~*~*~tactically~*~*~ (stealth).
  7742 | D:8      | HP: 20/81 [poisoned by a hornet]
  7743 | D:8      | Reached XP level 10. HP: 22/88 MP: 9/9
  7747 | D:8      | HP: 11/88 [poisoned by a hornet]
  8094 | D:8      | Found a shimmering blue altar of Sif Muna.
  8108 | D:8      | 8108 ||| RIP OSSUARY
  8157 | D:8      | 8157 ||| PLANNING D:1-11
  8183 | D:8      | 8183 ||| Stepping ~*~*~tactically~*~*~ (stealth).
  8194 | D:8      | 8194 ||| Stepping ~*~*~tactically~*~*~ (hiding).
  8207 | D:8      | Reached skill level 3 in Dodging
  8460 | D:8      | 8460 ||| INVOKING Sacrifice an Eye.
  8460 | D:8      | Gained mutation: You are missing an eye, making it more
                  | difficult to aim. [Ru sacrifice]
  8460 | D:8      | Reached * piety under Ru
  8550 | D:8      | Paralysed by a hornet for 1 turns
  8666 | D:8      | 8666 ||| UPGRADING to +0 kite shield.
  8676 | D:8      | 8676 ||| DROPPING +0 buckler.
  8909 | D:9      | 8909 ||| FLEEEEING.
  8916 | D:9      | 8916 ||| STAIRDANCE
  9032 | D:9      | Identified the +11 great mace "Wophurele" {freeze, Fly rN+
                  | Will+}
  9038 | D:9      | 9038 ||| Stepping ~*~*~tactically~*~*~ (stealth).
  9041 | D:9      | Identified the +1 chain mail "Pepsusel" {Will- Dex+4
                  | Stlth+}
  9052 | D:9      | Reached skill level 6 in Shields
  9173 | D:9      | 9173 ||| Stepping ~*~*~tactically~*~*~ (stealth).
  9175 | D:9      | 9175 ||| Stepping ~*~*~tactically~*~*~ (stealth).
  9221 | D:9      | 9221 ||| Stepping ~*~*~tactically~*~*~ (hiding).
  9390 | D:9      | 9390 ||| FLEEEEING.
  9391 | D:9      | 9391 ||| Stepping ~*~*~tactically~*~*~ (stealth).
  9392 | D:9      | 9392 ||| Stepping ~*~*~tactically~*~*~ (stealth).
  9509 | D:9      | 9509 ||| FLEEEEING.
  9510 | D:9      | 9510 ||| FLEEEEING.
  9511 | D:9      | 9511 ||| FLEEEEING.
  9512 | D:9      | 9512 ||| FLEEEEING.
  9513 | D:9      | 9513 ||| FLEEEEING.
  9514 | D:9      | 9514 ||| FLEEEEING.
  9515 | D:9      | 9515 ||| FLEEEEING.
  9521 | D:9      | 9521 ||| FLEEEEING.
  9528 | D:9      | 9528 ||| FLEEEEING.
  9529 | D:9      | 9529 ||| FLEEEEING.
  9530 | D:9      | 9530 ||| FLEEEEING.
  9531 | D:9      | 9531 ||| FLEEEEING.
  9532 | D:9      | 9532 ||| FLEEEEING.
  9533 | D:9      | 9533 ||| FLEEEEING.
  9534 | D:9      | 9534 ||| FLEEEEING.
  9535 | D:9      | 9535 ||| FLEEEEING.
  9592 | D:9      | 9592 ||| Stepping ~*~*~tactically~*~*~ (stealth).
  9679 | D:9      | 9679 ||| Stepping ~*~*~tactically~*~*~ (stealth).
  9725 | D:9      | 9725 ||| FLEEEEING.
  9726 | D:9      | 9726 ||| FLEEEEING.
  9727 | D:9      | 9727 ||| FLEEEEING.
  9728 | D:9      | 9728 ||| FLEEEEING.
  9729 | D:9      | 9729 ||| FLEEEEING.
  9730 | D:9      | 9730 ||| FLEEEEING.
  9732 | D:9      | 9732 ||| FLEEEEING.
  9733 | D:9      | 9733 ||| FLEEEEING.
  9735 | D:9      | 9735 ||| FLEEEEING.
  9736 | D:9      | 9736 ||| FLEEEEING.
  9737 | D:9      | 9737 ||| FLEEEEING.
  9738 | D:9      | 9738 ||| FLEEEEING.
  9739 | D:9      | 9739 ||| FLEEEEING.
  9740 | D:9      | 9740 ||| FLEEEEING.
  9746 | D:9      | 9746 ||| FLEEEEING.
  9747 | D:9      | 9747 ||| FLEEEEING.
  9748 | D:9      | 9748 ||| FLEEEEING.
  9749 | D:9      | 9749 ||| FLEEEEING.
  9750 | D:9      | 9750 ||| FLEEEEING.
  9753 | D:9      | 9753 ||| STAIRDANCE
 10084 | D:9      | 10084 ||| Stepping ~*~*~tactically~*~*~ (hiding).
 10229 | D:10     | Entered Level 10 of the Dungeon
 10230 | D:10     | 10230 ||| STAIRDANCE
 10322 | D:10     | Noticed Grum
 10325 | D:10     | Found a staircase to the Lair.
 10331 | D:10     | Killed Grum
 10342 | D:10     | HP: 17/90 [troll (6)]
 10343 | D:10     | 10343 ||| READING 5 scrolls of teleportation.
 10343 | D:10     | HP: 7/90 [troll (8)]
 10344 | D:10     | 10344 ||| DRINKING 6 potions of curing.
 10344 | D:10     | 10344 ||| (to cure confusion)
 10344 | D:10     | HP: 3/90 [troll (2)]
 10345 | D:10     | 10345 ||| DRINKING 2 potions of heal wounds.
 10346 | D:10     | 10346 ||| DRINKING potion of heal wounds.
 10349 | D:10     | 10349 ||| DRINKING 5 potions of curing.
 10349 | D:10     | 10349 ||| (to cure poison)
 10451 | D:10     | 10451 ||| Invisible monster not found???
 10882 | D:10     | Noticed a two-headed ogre
 10883 | D:10     | 10883 ||| Stepping ~*~*~tactically~*~*~ (stealth).
 10893 | D:10     | Killed a two-headed ogre
 10905 | D:10     | Reached skill level 9 in Shields
 10925 | D:10     | HP: 15/90 [troll (10)]
 10926 | D:10     | 10926 ||| READING 4 scrolls of teleportation.
 11055 | D:10     | 11055 ||| Stepping ~*~*~tactically~*~*~ (hiding).
 11058 | D:10     | 11058 ||| Stepping ~*~*~tactically~*~*~ (hiding).
 11063 | D:10     | 11063 ||| DRINKING 5 potions of curing.
 11063 | D:10     | 11063 ||| (to cure confusion)
 11068 | D:10     | 11068 ||| DRINKING 4 potions of curing.
 11068 | D:10     | 11068 ||| (to cure confusion)
 11177 | D:10     | 11177 ||| INVOKING Reject Sacrifices.
 11249 | D:10     | Reached XP level 11. HP: 95/95 MP: 10/10
 11335 | D:10     | Found a transporter.
 11337 | D:10     | 11337 ||| Stepping ~*~*~tactically~*~*~ (hiding).
 11339 | D:10     | 11339 ||| Stepping ~*~*~tactically~*~*~ (stealth).
 11347 | D:10     | 11347 ||| Stepping ~*~*~tactically~*~*~ (stealth).
 11347 | D:10     | Noticed a two-headed ogre
 11347 | D:10     | Noticed qw's ghost (journeyman GrFi)
 11349 | D:10     | Noticed a two-headed ogre
 11374 | D:10     | Identified the +9 dire flail "Raudos" {elec, rC+ rN+ Dex+6}
 11374 | D:10     | Identified the +4 giant spiked club of Drought {vorpal,
                  | Dex+4}
 11374 | D:10     | Noticed a two-headed ogre
 11391 | D:10     | Noticed a two-headed ogre
 11404 | D:10     | Found a transporter.
 11583 | D:10     | Noticed a two-headed ogre
 11592 | D:10     | Killed a two-headed ogre
 11593 | D:10     | Reached skill level 9 in Fighting
 11603 | D:10     | 11603 ||| FLEEEEING.
 11604 | D:10     | 11604 ||| FLEEEEING.
 11605 | D:10     | 11605 ||| FLEEEEING.
 11606 | D:10     | 11606 ||| FLEEEEING.
 11607 | D:10     | 11607 ||| FLEEEEING.
 11608 | D:10     | 11608 ||| FLEEEEING.
 11609 | D:10     | 11609 ||| FLEEEEING.
 11610 | D:10     | 11610 ||| FLEEEEING.
 11611 | D:10     | 11611 ||| FLEEEEING.
 11612 | D:10     | 11612 ||| FLEEEEING.
 11613 | D:10     | 11613 ||| FLEEEEING.
 11614 | D:10     | 11614 ||| FLEEEEING.
 11615 | D:10     | 11615 ||| FLEEEEING.
 11616 | D:10     | 11616 ||| FLEEEEING.
 11617 | D:10     | 11617 ||| FLEEEEING.
 11620 | D:10     | 11620 ||| FLEEEEING.
 11621 | D:10     | 11621 ||| FLEEEEING.
 11622 | D:10     | 11622 ||| FLEEEEING.
 11623 | D:10     | 11623 ||| FLEEEEING.
 11624 | D:10     | 11624 ||| STAIRDANCE
 11790 | D:9      | 11790 ||| READING 2 scrolls of identify.
 11790 | D:9      | 11790 ||| IDENTIFYING ruby potion
 11791 | D:9      | 11791 ||| DROPPING potion of magic.
 11794 | D:10     | 11794 ||| STAIRDANCE
 11826 | D:10     | 11826 ||| Stepping ~*~*~tactically~*~*~ (stealth).
 11866 | D:10     | 11866 ||| Stepping ~*~*~tactically~*~*~ (stealth).
 11991 | D:10     | 11991 ||| Stepping ~*~*~tactically~*~*~ (stealth).
 11993 | D:10     | 11993 ||| Stepping ~*~*~tactically~*~*~ (stealth).
 11997 | D:10     | 11997 ||| Stepping ~*~*~tactically~*~*~ (stealth).
 12002 | D:10     | 12002 ||| Stepping ~*~*~tactically~*~*~ (stealth).
 12003 | D:10     | 12003 ||| Stepping ~*~*~tactically~*~*~ (stealth).
 12013 | D:10     | 12013 ||| FLEEEEING.
 12014 | D:10     | 12014 ||| FLEEEEING.
 12015 | D:10     | 12015 ||| FLEEEEING.
 12016 | D:10     | 12016 ||| FLEEEEING.
 12017 | D:10     | 12017 ||| FLEEEEING.
 12018 | D:10     | 12018 ||| FLEEEEING.
 12019 | D:10     | 12019 ||| FLEEEEING.
 12020 | D:10     | 12020 ||| FLEEEEING.
 12021 | D:10     | 12021 ||| FLEEEEING.
 12022 | D:10     | 12022 ||| FLEEEEING.
 12023 | D:10     | 12023 ||| FLEEEEING.
 12024 | D:10     | 12024 ||| FLEEEEING.
 12025 | D:10     | 12025 ||| FLEEEEING.
 12090 | D:10     | Found a staircase to the Orcish Mines.
 12196 | D:11     | 12196 ||| Stepping randomly (disturbance).
 12250 | D:11     | 12250 ||| FLEEEEING.
 12251 | D:11     | 12251 ||| FLEEEEING.
 12258 | D:11     | 12258 ||| STAIRDANCE
 12300 | D:11     | 12300 ||| Stepping ~*~*~tactically~*~*~ (hiding).
 12679 | D:11     | Noticed a five-headed hydra
 12682 | D:11     | 12682 ||| SWAPPING to +0 flail.
 12689 | D:11     | Killed a five-headed hydra
 12690 | D:11     | 12690 ||| SWAPPING to +2 war axe.
 12790 | D:11     | 12790 ||| Stepping ~*~*~tactically~*~*~ (stealth).
 13012 | D:11     | 13012 ||| Stepping ~*~*~tactically~*~*~ (hiding).
 13019 | D:11     | Reached skill level 17 in Axes
 13220 | D:11     | Noticed Lodul
 13221 | D:11     | 13221 ||| Stepping ~*~*~tactically~*~*~ (hiding).
 13241 | D:11     | Killed Lodul
 13242 | D:11     | HP: 14/99 [manticore (16)]
 13243 | D:11     | 13243 ||| READING 3 scrolls of teleportation.
 13244 | D:11     | 13244 ||| DRINKING potion of heal wounds.
 13537 | D:11     | 13537 ||| FLEEEEING.
 13538 | D:11     | 13538 ||| FLEEEEING.
 13544 | D:11     | 13544 ||| FLEEEEING.
 13545 | D:11     | 13545 ||| FLEEEEING.
 13547 | D:11     | 13547 ||| FLEEEEING.
 13557 | D:11     | 13557 ||| STAIRDANCE
 13602 | D:10     | 13602 ||| UPGRADING to +1 pair of boots.
 13607 | D:10     | 13607 ||| READING scroll labelled WUTZES GIDDI.
 13608 | D:10     | 13608 ||| READING scroll labelled ATYUS UMEI.
 13752 | D:11     | 13752 ||| PLANNING LAIR
 13807 | Lair:1   | Entered Level 1 of the Lair of Beasts
 13808 | Lair:1   | 13808 ||| PLANNING GAUNTLET
 13944 | Lair:1   | Reached skill level 9 in Armour
 14192 | Lair:1   | Found a gate leading to a gauntlet.
 14201 | Gauntlet | Entered a Gauntlet
 14201 | Gauntlet | Found a transporter.
 14210 | Gauntlet | Found a transporter.
 14210 | Gauntlet | Found a transporter.
 14214 | Gauntlet | Noticed a sixfirhy
 14221 | Gauntlet | Found a transporter.
 14224 | Gauntlet | Found a transporter.
 14235 | Gauntlet | Found a transporter.
 14251 | Gauntlet | Found a transporter.
 14262 | Gauntlet | Found a transporter.
 14262 | Gauntlet | Noticed a four-headed hydra
 14271 | Gauntlet | Noticed a wretched star
 14273 | Gauntlet | Found a transporter.
 14285 | Gauntlet | Found a transporter.
 14287 | Gauntlet | Found a transporter.
 14303 | Gauntlet | Found a transporter.
 14314 | Gauntlet | Noticed a soul eater
 14317 | Gauntlet | Found a transporter.
 14374 | Gauntlet | Found a transporter.
 14454 | Gauntlet | 14454 ||| Stepping randomly (stuck).
 14516 | Gauntlet | 14516 ||| DROPPING scarf of shadows.
 14540 | Gauntlet | 14540 ||| READING scroll labelled IJIRRU TIOB.
 14565 | Gauntlet | Reached XP level 12. HP: 62/106 MP: 8/8
 14813 | Gauntlet | 14813 ||| DROPPING ring of magical power.
 14823 | Gauntlet | Noticed a minotaur
 14824 | Gauntlet | 14824 ||| Stepping ~*~*~tactically~*~*~ (stealth).
 14841 | Gauntlet | Killed a minotaur
 15045 | Gauntlet | 15045 ||| SWAPPING to +1 war axe of flaming.
 15046 | Gauntlet | 15046 ||| DROPPING +0 flail.
 15047 | Gauntlet | 15047 ||| DROPPING +2 war axe.
 15158 | Gauntlet | 15158 ||| DROPPING amulet of magic regeneration.
 15159 | Gauntlet | 15159 ||| UPGRADING to amulet of regeneration.
 15183 | Lair:1   | 15183 ||| PLANNING LAIR
 15326 | Lair:1   | Reached skill level 3 in Throwing
 15434 | Lair:1   | 15434 ||| Stepping ~*~*~tactically~*~*~ (stealth).
 15438 | Lair:1   | 15438 ||| Stepping ~*~*~tactically~*~*~ (stealth).
 15563 | Lair:1   | 15563 ||| Stepping ~*~*~tactically~*~*~ (stealth).
 15593 | Lair:1   | 15593 ||| READING scroll of enchant armour.
 15593 | Lair:1   | 15593 ||| ENCHANTING +0 pair of gloves.
 15882 | Lair:1   | Noticed a five-headed hydra
 15895 | Lair:1   | Killed a one-headed hydra
 16295 | Lair:2   | Reached skill level 12 in Shields
 16316 | Lair:2   | 16316 ||| READING scroll of enchant armour.
 16316 | Lair:2   | 16316 ||| ENCHANTING +1 pair of gloves.
 16534 | Lair:2   | 16534 ||| Stepping ~*~*~tactically~*~*~ (stealth).
 16536 | Lair:2   | 16536 ||| Stepping ~*~*~tactically~*~*~ (stealth).
 16559 | Lair:2   | 16559 ||| READING scroll of enchant weapon.
 16559 | Lair:2   | 16559 ||| ENCHANTING +1 war axe of flaming.
 16574 | Lair:2   | 16574 ||| Stepping ~*~*~tactically~*~*~ (stealth).
 16585 | Lair:2   | 16585 ||| Stepping ~*~*~tactically~*~*~ (stealth).
 16586 | Lair:2   | 16586 ||| Stepping ~*~*~tactically~*~*~ (stealth).
 16591 | Lair:2   | 16591 ||| Stepping ~*~*~tactically~*~*~ (stealth).
 16677 | Lair:2   | 16677 ||| Stepping ~*~*~tactically~*~*~ (stealth).
 16679 | Lair:2   | 16679 ||| Stepping ~*~*~tactically~*~*~ (stealth).
 16728 | Lair:2   | Reached skill level 12 in Fighting
 16734 | Lair:2   | HP: 23/112 [komodo dragon (23)]
 16735 | Lair:2   | 16735 ||| READING 4 scrolls of teleportation.
 16736 | Lair:2   | 16736 ||| DRINKING 2 potions of heal wounds.
 16988 | Lair:2   | 16988 ||| Stepping ~*~*~tactically~*~*~ (hiding).
 17018 | Lair:2   | 17018 ||| Stepping ~*~*~tactically~*~*~ (stealth).
 17020 | Lair:2   | 17020 ||| Stepping ~*~*~tactically~*~*~ (hiding).
 17022 | Lair:2   | 17022 ||| Stepping ~*~*~tactically~*~*~ (hiding).
 17132 | Lair:2   | Found a staircase to the Snake Pit.
 17257 | Lair:2   | 17257 ||| Stepping ~*~*~tactically~*~*~ (hiding).
 17784 | Lair:2   | 17784 ||| READING scroll labelled OSAUSM VIXAUNA.
 17784 | Lair:2   | Identified a scroll of acquirement
 17784 | Lair:2   | 17784 ||| ACQUIRING amulet "Icoax" {Acrobat rN+ Dex+2}
 17784 | Lair:2   | Acquired the amulet "Icoax" {Acrobat rN+ Dex+2}
 17785 | Lair:2   | 17785 ||| INVOKING Sacrifice Skill.
 17785 | Lair:2   | Gained mutation: You are somewhat unskilled. (-1 Apt) [Ru
                  | sacrifice]
 17785 | Lair:2   | Reduced skill Axes to level 15
 17785 | Lair:2   | Reached ** piety under Ru
 17787 | Lair:2   | 17787 ||| UPGRADING to amulet "Icoax" {Acrobat rN+ Dex+2}.
 17860 | Lair:3   | Reached XP level 13. HP: 108/116 MP: 12/12
 17939 | Lair:3   | Reached skill level 16 in Axes
 18043 | Lair:3   | 18043 ||| Stepping ~*~*~tactically~*~*~ (stealth).
 18191 | Lair:3   | 18191 ||| Stepping ~*~*~tactically~*~*~ (hiding).
 18780 | Lair:3   | Found a staircase to the Shoals.
 18808 | Lair:3   | 18808 ||| DRINKING potion of cancellation.
 19004 | Lair:3   | 19004 ||| Stepping ~*~*~tactically~*~*~ (stealth).
 19018 | Lair:3   | Reached skill level 17 in Axes
 19062 | Lair:3   | 19062 ||| Stepping ~*~*~tactically~*~*~ (hiding).
 19070 | Lair:3   | 19070 ||| Stepping ~*~*~tactically~*~*~ (cloud).
 19073 | Lair:3   | 19073 ||| Stepping ~*~*~tactically~*~*~ (cloud).
 19075 | Lair:3   | 19075 ||| Stepping ~*~*~tactically~*~*~ (cloud).
 19082 | Lair:3   | 19082 ||| Stepping ~*~*~tactically~*~*~ (cloud).
 19108 | Lair:3   | HP: 29/116 [poisoned by a cane toad]
 19108 | Lair:3   | HP: 14/116 [spriggan rider/+0 spear (15)]
 19109 | Lair:3   | 19109 ||| READING 5 scrolls of teleportation.
 19110 | Lair:3   | 19110 ||| DRINKING 2 potions of heal wounds.
 19112 | Lair:3   | 19112 ||| DRINKING potion of heal wounds.
 19866 | Lair:3   | 19866 ||| DROPPING amulet of guardian spirit.
 19968 | Lair:4   | Reached skill level 12 in Shields
 19972 | Lair:4   | 19972 ||| Stepping ~*~*~tactically~*~*~ (stealth).
 20079 | Lair:4   | 20079 ||| READING scroll of enchant weapon.
 20079 | Lair:4   | 20079 ||| ENCHANTING +2 war axe of flaming.
 20094 | Lair:4   | 20094 ||| DROPPING +1 war axe of draining.
 20263 | Lair:4   | 20263 ||| Stepping ~*~*~tactically~*~*~ (stealth).
 20265 | Lair:4   | 20265 ||| Stepping ~*~*~tactically~*~*~ (stealth).
 20303 | Lair:4   | Found a staircase to the Slime Pits.
 20303 | Lair:4   | Found a viscous altar of Jiyva.
 20512 | Lair:4   | 20512 ||| INVOKING Sacrifice Love.
 20512 | Lair:4   | Gained mutation: You are hated by all. [Ru sacrifice]
 20512 | Lair:4   | Reached *** piety under Ru
 20512 | Lair:4   | Reached **** piety under Ru
 20894 | Lair:4   | 20894 ||| DRINKING 2 bubbling coppery potions.
 20895 | Lair:4   | 20895 ||| DROPPING potion of brilliance.
 20955 | Lair:5   | Entered Level 5 of the Lair of Beasts
 20965 | Lair:5   | 20965 ||| Stepping ~*~*~tactically~*~*~ (stealth).
 20966 | Lair:5   | 20966 ||| Stepping ~*~*~tactically~*~*~ (stealth).
 20974 | Lair:5   | 20974 ||| Stepping ~*~*~tactically~*~*~ (stealth).
 21280 | Lair:5   | Reached skill level 12 in Fighting
 21408 | Lair:5   | 21408 ||| FLEEEEING.
 21412 | Lair:5   | 21412 ||| STAIRDANCE
 21494 | Lair:4   | 21494 ||| UPGRADING to +1 pair of boots of flying.
 21504 | Lair:4   | 21504 ||| DROPPING +1 pair of boots.
 21688 | Lair:5   | 21688 ||| FLEEEEING.
 21689 | Lair:5   | 21689 ||| FLEEEEING.
 21690 | Lair:5   | 21690 ||| FLEEEEING.
 21691 | Lair:5   | 21691 ||| FLEEEEING.
 21692 | Lair:5   | 21692 ||| FLEEEEING.
 21693 | Lair:5   | 21693 ||| FLEEEEING.
 21694 | Lair:5   | 21694 ||| FLEEEEING.
 21695 | Lair:5   | 21695 ||| FLEEEEING.
 21827 | Lair:5   | 21827 ||| READING scroll of enchant weapon.
 21827 | Lair:5   | 21827 ||| ENCHANTING +3 war axe of flaming.
 21918 | Lair:5   | Reached XP level 14. HP: 126/126 MP: 13/13
 21938 | Lair:5   | 21938 ||| DRINKING 4 potions of curing.
 21938 | Lair:5   | 21938 ||| (to cure confusion)
 21945 | Lair:5   | 21945 ||| DRINKING 3 potions of curing.
 21945 | Lair:5   | 21945 ||| (to cure confusion)
 21983 | Lair:5   | 21983 ||| Stepping ~*~*~tactically~*~*~ (stealth).
 22035 | Lair:5   | 22035 ||| Stepping ~*~*~tactically~*~*~ (hiding).
 22037 | Lair:5   | 22037 ||| Stepping ~*~*~tactically~*~*~ (hiding).
 22042 | Lair:5   | 22042 ||| Stepping ~*~*~tactically~*~*~ (stealth).
 22155 | Lair:5   | 22155 ||| Stepping ~*~*~tactically~*~*~ (stealth).
 22157 | Lair:5   | 22157 ||| Stepping ~*~*~tactically~*~*~ (hiding).
 22184 | Lair:5   | Reached skill level 6 in Dodging
 22461 | Lair:5   | Identified the +0 pair of gloves of Wu Jian's Favour {-Tele
                  | rElec rN++ Regen+}
 22589 | Lair:5   | 22589 ||| Stepping ~*~*~tactically~*~*~ (stealth).
 22983 | Lair:5   | 22983 ||| PLANNING D
 22983 | Lair:5   | 22983 ||| READING 2 scrolls labelled MYTSUT OSMAC.
 23084 | Lair:5   | 23084 ||| READING 2 scrolls labelled HEWEBEPHAM.
 23085 | Lair:5   | 23085 ||| DROPPING scroll of silence.
 23086 | Lair:5   | 23086 ||| DROPPING scroll of immolation.
 23277 | D:12     | Found Giwnon's Weapon Boutique.
 23442 | D:12     | Noticed Urug
 23445 | D:12     | Killed Urug
 23446 | D:12     | Reached skill level 12 in Armour
 23499 | D:12     | Found a runed translucent door.
 23516 | D:12     | 23516 ||| INVOKING Sacrifice Experience.
 23516 | D:12     | Gained mutation: You are somewhat inexperienced. (-1 XL)
                  | [Ru sacrifice]
 23516 | D:12     | Reached XP level 13. HP: 118/118 MP: 12/12
 23516 | D:12     | Reached ***** piety under Ru
 23676 | D:12     | Noticed Nergalle
 23677 | D:12     | 23677 ||| INVOKING Apocalypse.
 23683 | D:12     | Killed Nergalle
 23699 | D:12     | Noticed Fannar
 23701 | D:12     | 23701 ||| Stepping ~*~*~tactically~*~*~ (hiding).
 23709 | D:12     | Killed Fannar
 23765 | D:12     | Noticed Maurice
 23774 | D:12     | Killed Maurice
 23978 | D:12     | 23978 ||| DROPPING +1 chain mail of fire resistance.
 23979 | D:12     | 23979 ||| DRINKING 2 grey potions.
 24016 | D:12     | 24016 ||| READING 10 scrolls of identify.
 24016 | D:12     | 24016 ||| IDENTIFYING red potion
 24017 | D:12     | 24017 ||| DROPPING potion of lignification.
 24018 | D:12     | 24018 ||| DROPPING potion of degeneration.
 24044 | D:13     | Found a transporter.
 24047 | D:13     | Noticed qdestroyer's ghost (journeyman MiFi)
 24050 | D:13     | Found a bloodstained altar of Trog.
 24090 | D:13     | Found a transporter.
 24158 | D:13     | 24158 ||| FLEEEEING.
 24246 | D:13     | 24246 ||| Stepping ~*~*~tactically~*~*~ (hiding).
 24307 | D:13     | 24307 ||| Stepping ~*~*~tactically~*~*~ (stealth).
 24388 | D:13     | 24388 ||| Stepping ~*~*~tactically~*~*~ (hiding).
 24612 | D:13     | 24612 ||| Stepping ~*~*~tactically~*~*~ (hiding).
 24632 | D:13     | 24632 ||| Stepping ~*~*~tactically~*~*~ (stealth).
 24644 | D:13     | Found a gate to the Vaults.
 24673 | D:13     | Noticed a broodmother
 24674 | D:13     | 24674 ||| INVOKING Apocalypse.
 24680 | D:13     | Killed a broodmother
 24961 | D:13     | Identified the +5 long sword of Meamac {elec, Dex+7}
 25175 | D:13     | 25175 ||| READING 9 scrolls of identify.
 25175 | D:13     | 25175 ||| IDENTIFYING lumpy purple potion
 25176 | D:13     | 25176 ||| DROPPING potion of attraction.
 25481 | D:14     | Reached skill level 6 in Throwing
 25619 | D:14     | 25619 ||| SWAPPING to +3 war axe of electrocution.
 25868 | D:14     | 25868 ||| INVOKING Sacrifice Nimbleness.
 25868 | D:14     | Gained mutation: You cannot train Dodging skill. [Ru
                  | sacrifice]
 25868 | D:14     | Reached ****** piety under Ru
 25901 | D:14     | Noticed Agnes
 25902 | D:14     | 25902 ||| INVOKING Apocalypse.
 25907 | D:14     | Killed Agnes
 26102 | D:14     | 26102 ||| READING scroll of enchant armour.
 26102 | D:14     | 26102 ||| ENCHANTING +1 pair of boots of flying.
 26156 | D:14     | 26156 ||| INVOKING Apocalypse.
 26429 | D:14     | 26429 ||| UPGRADING to +2 plate armour of cold resistance.
 26439 | D:14     | 26439 ||| DROPPING +0 plate armour.
 26440 | D:14     | 26440 ||| DROPPING ring of wizardry.
 26441 | D:14     | 26441 ||| READING 11 scrolls of identify.
 26441 | D:14     | 26441 ||| IDENTIFYING lumpy brown potion
 26442 | D:14     | 26442 ||| DROPPING potion of ambrosia.
 26473 | D:15     | Entered Level 15 of the Dungeon
 26483 | D:15     | 26483 ||| Stepping ~*~*~tactically~*~*~ (hiding).
 26498 | D:15     | Noticed a purple very ugly thing
 26504 | D:15     | 26504 ||| Stepping ~*~*~tactically~*~*~ (hiding).
 26506 | D:15     | Killed a purple very ugly thing
 26514 | D:15     | Paralysed by a great orb of eyes for 2 turns
 26525 | D:15     | 26525 ||| Stepping ~*~*~tactically~*~*~ (stealth).
 26614 | D:15     | 26614 ||| Stepping ~*~*~tactically~*~*~ (hiding).
 26748 | D:15     | 26748 ||| READING 9 scrolls of teleportation.
 26826 | D:15     | 26826 ||| Stepping ~*~*~tactically~*~*~ (hiding).
 26979 | D:15     | 26979 ||| Stepping ~*~*~tactically~*~*~ (hiding).
 26986 | D:15     | 26986 ||| INVOKING Apocalypse.
 27299 | D:15     | 27299 ||| SWAPPING to +0 broad axe.
 27300 | D:15     | 27300 ||| DROPPING +3 war axe of electrocution.
 27334 | D:15     | 27334 ||| Stepping ~*~*~tactically~*~*~ (stealth).
 27693 | D:15     | Reached XP level 14. HP: 108/120 MP: 13/13
 27712 | D:15     | 27712 ||| Stepping ~*~*~tactically~*~*~ (stealth).
 27714 | D:15     | 27714 ||| Stepping ~*~*~tactically~*~*~ (stealth).
 27724 | D:15     | 27724 ||| Stepping ~*~*~tactically~*~*~ (stealth).
 27780 | D:15     | 27780 ||| Stepping ~*~*~tactically~*~*~ (hiding).
 27985 | D:15     | Found the +8 frozen axe "Frostbite" {freezing cloud, *Noise
                  | Fly rC+}
 28095 | D:15     | 28095 ||| Stepping ~*~*~tactically~*~*~ (stealth).
 28193 | D:15     | 28193 ||| Stepping ~*~*~tactically~*~*~ (stealth).
 28204 | D:15     | 28204 ||| INVOKING Apocalypse.
 28430 | D:15     | Found a staircase to the Depths.
 28579 | D:15     | 28579 ||| Stepping ~*~*~tactically~*~*~ (stealth).
 28581 | D:15     | 28581 ||| Stepping ~*~*~tactically~*~*~ (stealth).
 28859 | D:15     | 28859 ||| PLANNING ORC
 28859 | D:15     | 28859 ||| UPGRADING to +2 hat.
 29016 | Orc:1    | Entered Level 1 of the Orcish Mines
 29030 | Orc:1    | 29030 ||| Stepping ~*~*~tactically~*~*~ (hiding).
 29106 | Orc:1    | 29106 ||| Stepping ~*~*~tactically~*~*~ (hiding).
 29174 | Orc:1    | Found Qeppeysu's General Store.
 29269 | Orc:1    | Found Gotahir's Antique Armour Shoppe.
 29274 | Orc:1    | Found Qasabie's Book Emporium.
 29278 | Orc:1    | 29278 ||| BUYING runed chain mail (172 gold).
 29278 | Orc:1    | Bought a runed chain mail for 172 gold pieces
 29301 | Orc:1    | 29301 ||| DROPPING +1 chain mail of cold resistance.
 29338 | Orc:2    | Entered Level 2 of the Orcish Mines
 29348 | Orc:2    | 29348 ||| Stepping ~*~*~tactically~*~*~ (hiding).
 29356 | Orc:2    | 29356 ||| Stepping ~*~*~tactically~*~*~ (hiding).
 29373 | Orc:2    | 29373 ||| FLEEEEING.
 29374 | Orc:2    | 29374 ||| FLEEEEING.
 29375 | Orc:2    | 29375 ||| FLEEEEING.
 29376 | Orc:2    | 29376 ||| FLEEEEING.
 29377 | Orc:2    | 29377 ||| FLEEEEING.
 29378 | Orc:2    | 29378 ||| FLEEEEING.
 29379 | Orc:2    | 29379 ||| FLEEEEING.
 29438 | Orc:2    | Found a staircase to the Elven Halls.
 29473 | Orc:2    | 29473 ||| Stepping ~*~*~tactically~*~*~ (hiding).
 29474 | Orc:2    | 29474 ||| Stepping ~*~*~tactically~*~*~ (hiding).
 29503 | Orc:2    | 29503 ||| Stepping ~*~*~tactically~*~*~ (stealth).
 29519 | Orc:2    | Reached skill level 18 in Axes
 29521 | Orc:2    | 29521 ||| Stepping ~*~*~tactically~*~*~ (hiding).
 29522 | Orc:2    | 29522 ||| Stepping ~*~*~tactically~*~*~ (hiding).
 29531 | Orc:2    | 29531 ||| DRINKING 5 potions of curing.
 29531 | Orc:2    | 29531 ||| (to cure confusion)
 29538 | Orc:2    | 29538 ||| Stepping ~*~*~tactically~*~*~ (stealth).
 29548 | Orc:2    | 29548 ||| Stepping ~*~*~tactically~*~*~ (hiding).
 29550 | Orc:2    | 29550 ||| Stepping ~*~*~tactically~*~*~ (hiding).
 29551 | Orc:2    | 29551 ||| Stepping ~*~*~tactically~*~*~ (hiding).
 29554 | Orc:2    | 29554 ||| Stepping ~*~*~tactically~*~*~ (hiding).
 29559 | Orc:2    | 29559 ||| INVOKING Apocalypse.
 29566 | Orc:2    | 29566 ||| Stepping ~*~*~tactically~*~*~ (stealth).
 29571 | Orc:2    | 29571 ||| Stepping ~*~*~tactically~*~*~ (stealth).
 29572 | Orc:2    | 29572 ||| Stepping ~*~*~tactically~*~*~ (stealth).
 29582 | Orc:2    | 29582 ||| Stepping ~*~*~tactically~*~*~ (stealth).
 29583 | Orc:2    | 29583 ||| Stepping ~*~*~tactically~*~*~ (stealth).
 29584 | Orc:2    | 29584 ||| Stepping ~*~*~tactically~*~*~ (stealth).
 29698 | Orc:2    | 29698 ||| Stepping ~*~*~tactically~*~*~ (hiding).
 29732 | Orc:2    | 29732 ||| READING 8 scrolls of teleportation.
 29844 | Orc:2    | 29844 ||| Stepping ~*~*~tactically~*~*~ (stealth).
 29846 | Orc:2    | 29846 ||| Stepping ~*~*~tactically~*~*~ (stealth).
 29913 | Orc:2    | Paralysed by an orc sorcerer for 4 turns
 30169 | Orc:2    | 30169 ||| INVOKING Apocalypse.
 30197 | Orc:2    | 30197 ||| Stepping ~*~*~tactically~*~*~ (hiding).
 30198 | Orc:2    | 30198 ||| Stepping ~*~*~tactically~*~*~ (hiding).
 30206 | Orc:2    | 30206 ||| Stepping ~*~*~tactically~*~*~ (hiding).
 30215 | Orc:2    | HP: 21/108 [orc warrior/+0 war axe (10)]
 30216 | Orc:2    | 30216 ||| READING 7 scrolls of teleportation.
 30217 | Orc:2    | 30217 ||| INVOKING Draw Out Power.
 30219 | Orc:2    | Mangled by an orc warrior

Levels and vault maps discovered:
D:1:      heliophobic_arrival_dark_side_of_the_moon, layout_basic,
          minmay_misc_feat_enclosed, chequers_serial_rivers_micro_a,
          minmay_misc_feat_more_columns
D:2:      layout_loops_ring, basic_altar
D:3:      layout_loops_corners, minmay_misc_feat_room
D:4:      layout_cave_pools, mrwooster_statue_mirror, grunt_ministairs_4,
          uniq_sigmund, uniq_ijyb
D:5:      layout_cave_pools, mainiacjoe_overflow_alcove_4
D:6:      layout_loops_ring, fedhas_altar_fruit_tree, lightli_church_of_beogh
D:7:      layout_loops_ring, lemuel_crystal_altar,
          chequers_temple_overflow_statue_of_worship, ashenzari_altar_1,
          amethyst_overflow_temple_binary, minmay_temple_entry_overgrown,
          nicolae_shop_self_help, uniq_duvessa, uniq_maggie, uniq_pikel
D:8:      layout_cave_pods, mainiacjoe_overflow_catwalk,
          lightli_ossuary_entry_decrepit_ruins
D:9:      layout_gridville
D:10:     layout_basic, erik_lair_orcish_takeover, orc_0_dummy, serial_glass,
          glass_columns_c, glass_columns_a, glass_columns_a, glass_columns_a,
          gammafunk_ghost_smash, uniq_grum
D:11:     layout_roguey, minmay_misc_feat_columns, serial_bayou_pond_c,
          eino_tiny_chamber, uniq_lodul
D:12:     layout_irregular_city, serial_shops, shop, minmay_st_funbox,
          uniq_urug, uniq_maurice, uniq_nergalle, uniq_fannar
D:13:     layout_irregular_city, david_vaults_2,
          gammafunk_ghost_wrathful_warriors, blue_anna_alchemist
D:14:     layout_irregular_city, minivault_11, uniq_agnes
D:15:     gammafunk_enter_depths_forms, layout_basic,
          hellmonk_guarded_unrand_frostbite
Temple:   minmay_temple_curvy_loop
Lair:1:   layout_cave_pods, gauntlet_entry_generic, serial_forest,
          infiniplex_forest_clump_long, infiniplex_forest_fountain,
          infiniplex_forest_end_2, infiniplex_forest_clump_large,
          infiniplex_forest_clump_small, infiniplex_forest_split,
          infiniplex_forest_lined_3, ldierk_geyser, infiniplex_staircase_pool
Lair:2:   layout_layer_cave, guppyfry_snake_entry_garden, beast_lair_carwin_5,
          grunt_megastairs_5
Lair:3:   kb_forest_paths, layout_regular_city, elwin_shoals_entry_rooms
Lair:4:   layout_hall_layers, minmay_slime_entry_pillars, serial_rivers,
          chequers_serial_rivers_micro_b, chequers_serial_rivers_small_b,
          chequers_serial_rivers_small_b, chequers_serial_rivers_small_3,
          chequers_serial_rivers_micro_e
Lair:5:   guppyfry_lair_end_dragon, layout_long_grid, wormcave,
          serial_bayou_lagoon_b
Orc:1:    layout_diamond_mine, serial_shops, shop, shop_statue, shop,
          nicolae_lakefront_shop, nicolae_shop_crystal, minmay_orc_temple_a
Orc:2:    st_orc_elflike, layout_diamond_mine

Skill      XL: |  1  2  3  4  5  6  7  8  9 10 11 12 13 14 |
---------------+-------------------------------------------+-----
Axes           | 3 4 5 7 16 17 15 17 18 | 18.5
Dodging        | 2 3 4 0 6 |  0.0
Fighting       | 4 6 8 10 11 14 | 14.0
Armour         | 4 7 9 10 11 12 | 12.2
Shields        | 4 5 9 11 11 12 13 | 13.7
Throwing       | 1 2 4 6 |  6.1

Action                   |  1- 3 |  4- 6 |  7- 9 | 10-12 | 13-15 || total
-------------------------+-------+-------+-------+-------+-------++-------
Melee: War axe           |    67 |    40 |   220 |   685 |   736 ||  1748
       Headbutt          |     9 |     8 |    34 |    99 |   181 ||   331
       Kick              |     6 |     7 |    55 |    78 |       ||   146
       Flail             |       |       |       |     5 |       ||     5
       Broad axe         |       |       |       |       |   323 ||   323
Throw: Boomerang         |       |       |     3 |    51 |    45 ||    99
       Javelin           |       |       |       |    36 |    52 ||    88
Invok: Sacrifice an Eye  |       |       |       |     1 |       ||     1
       Reject Sacrifices |       |       |       |     1 |       ||     1
       Sacrifice Skill   |       |       |       |     1 |       ||     1
       Apocalypse        |       |       |       |       |     8 ||     8
       Sacrifice Love    |       |       |       |       |     1 ||     1
       Sacrifice Nimblen |       |       |       |       |     1 ||     1
       Sacrifice Experie |       |       |       |       |     1 ||     1
       Draw Out Power    |       |       |       |       |     1 ||     1
  Use: Scroll            |     7 |     3 |     6 |    12 |    12 ||    40
       Potion            |     3 |     2 |       |     8 |     8 ||    21
 Stab: Distracted        |       |       |     1 |     2 |     1 ||     4
       Invisible         |       |       |       |       |    10 ||    10
       Petrifying        |       |       |       |       |     2 ||     2
       Paralysed         |       |       |       |       |     4 ||     4
Armor: Scale mail        |    28 |    14 |       |       |       ||    42
       Chain mail        |       |       |    18 |       |       ||    18
       Plate armour      |       |       |    40 |   331 |   381 ||   752
Dodge: Dodged            |    21 |    22 |    39 |   151 |   230 ||   463
Block: Buckler           |     7 |     3 |    26 |     4 |       ||    40
       Kite shield       |       |       |       |   291 |   442 ||   733

Table legend:
 A = Non-vault XP
 B = Vault XP
 C = Vault XP percentage of total XP
 D = Non-vault monster count
 E = Vault monster count
 F = Vault count percentage of total count
                 A         B        C        D         E       F
            +---------+---------+-------+---------+---------+-------
      Total |   85020 |   33361 |  28.2 |     514 |     111 |  17.8
            +---------+---------+-------+---------+---------+-------
        D:1 |      13 |       0 |   0.0 |       8 |       0 |   0.0
        D:2 |      27 |       0 |   0.0 |      14 |       0 |   0.0
        D:3 |      14 |       0 |   0.0 |       9 |       0 |   0.0
        D:4 |     368 |     353 |  49.0 |      27 |       4 |  12.9
        D:5 |     738 |       0 |   0.0 |      13 |       0 |   0.0
        D:6 |     297 |     205 |  40.8 |      15 |       2 |  11.8
        D:7 |    1168 |    1038 |  47.1 |      25 |       2 |   7.4
        D:8 |    1321 |       0 |   0.0 |      25 |       0 |   0.0
        D:9 |    2022 |       0 |   0.0 |      44 |       0 |   0.0
       D:10 |    4276 |    1138 |  21.0 |      30 |      12 |  28.6
       D:11 |    3623 |    1713 |  32.1 |      13 |       9 |  40.9
       D:12 |    2893 |    2901 |  50.1 |      12 |       4 |  25.0
       D:13 |    3892 |    1941 |  33.3 |      15 |       4 |  21.1
       D:14 |    8585 |    1428 |  14.3 |      15 |       1 |   6.2
       D:15 |    9733 |    8590 |  46.9 |      25 |      17 |  40.5
     Lair:1 |    7342 |       0 |   0.0 |      30 |       0 |   0.0
     Lair:2 |    6836 |    2264 |  24.9 |      32 |       9 |  22.0
     Lair:3 |    8182 |    4656 |  36.3 |      32 |      20 |  38.5
     Lair:4 |    6613 |     593 |   8.2 |      21 |       4 |  16.0
     Lair:5 |    9910 |    3436 |  25.7 |      34 |      13 |  27.7
      Orc:1 |     376 |       0 |   0.0 |       8 |       0 |   0.0
      Orc:2 |    6791 |     675 |   9.0 |      67 |       2 |   2.9
   Gauntlet |       0 |    2430 | 100.0 |       0 |       8 | 100.0
            +---------+---------+-------+---------+---------+-------
